 Dungeon Crawl Stone Soup version 0.27-a0-1595-g0b823d0a13 (webtiles) character file.

Game seed: 17224480420395471446

2235 bande the Blocker (level 9, -5/52 HPs)
             Began as a Gargoyle Fighter on July 21, 2021.
             Was an Initiate of Okawaru.
             Slain by an orc warrior (9 damage)
             ... on level 6 of the Dungeon.
             The game lasted 00:12:34 (7602 turns).

bande the Blocker (Gargoyle Fighter)                Turns: 7602, Time: 00:12:34

Health: -5/52      AC: 20    Str: 22    XL:     9   Next: 36%
Magic:  9/9        EV:  9    Int:  9    God:    Okawaru [......]
Gold:   216        SH: 13    Dex: 12    Spells: 8/8 levels left

rFire    . . .     SeeInvis .   l - +0 broad axe (drain)
rCold    . . .     Faith    .   c - +1 kite shield
rNeg     + . .     Spirit   .   b - +0 scale mail
rPois    ∞         Reflect  .   x - +0 helmet
rElec    +         Harm     .   o - +1 cloak {Stlth+}
rCorr    .         Rampage  .   y - +0 pair of gloves
Will     .....     Rnd*Rage +   (no boots)
Stlth    +.........             (no amulet)
HPRegen  0.17/turn              (no ring)
MPRegen  0.11/turn              (no ring)

@: mighty
A: sickness immunity, AC +6, negative energy resistance 1, electricity
resistance, torment resistance 1, petrification resistance, agile 1, berserk 1,
MP-powered wands
a: Renounce Religion


You were on level 6 of the Dungeon.
You worshipped Okawaru.
Okawaru was noncommittal.
You visited 2 branches of the dungeon, and saw 7 of its levels.

You collected 216 gold pieces.

Inventory:

Hand Weapons
 l - a +0 broad axe of draining (weapon)
 t - a +3 morningstar
 v - a +3 war axe
Missiles
 j - 2 atropa-tipped darts
 k - 5 curare-tipped darts (quivered)
 r - a throwing net
Armour
 b - a +0 scale mail (worn)
 c - a +1 kite shield (worn)
 o - a +1 cloak of stealth (worn)
 x - a +0 helmet (worn)
 y - a +0 pair of gloves (worn)
Jewellery
 m - an amulet of the acrobat
 s - a +4 ring of slaying
 w - a ring of protection from cold
Wands
 h - a wand of polymorph (3)
 n - a wand of flame (31)
Scrolls
 e - 3 scrolls of teleportation
 g - 3 scrolls of magic mapping
 q - a scroll of fear
Potions
 f - 2 potions of haste
 i - 3 potions of flight
 z - a potion of magic


   Skills:
 + Level 4.7 Fighting
 + Level 8.2 Axes
 + Level 9.0 Armour
 + Level 1.8 Dodging
 - Level 0.4 Stealth
 + Level 9.2 Shields
 * Level 3.0 Evocations


You had 8 spell levels left.
You didn't know any spells.
Your spell library contained the following spells:

 Spells                   Type           Power      Damage    Failure   Level
 Animate Skeleton         Necr           0%         N/A       89%         1
 Apportation              Tloc           0%         N/A       89%         1
 Corona                   Hex            0%         N/A       89%         1
 Summon Small Mammal      Summ           0%         N/A       89%         1
 Poisonous Vapours        Pois/Air       0%         N/A       96%         2
 Mephitic Cloud           Conj/Pois/Air  0%         N/A       99%         3
 Freezing Cloud           Conj/Ice/Air   0%         6-21      100%        5


Dungeon Overview and Level Annotations

Branches:
Dungeon (6/15)             Temple (1/1) D:6

Altars:
Ashenzari
Fedhas
Gozag
Hepliaklqana
Kikubaaqudgha
Makhleb
Okawaru
Qazlal
Ru
Trog
Vehumet
Wu Jian
Xom
Yredelemnul
The Shining One

Annotations:
D:4 2 transporters


Innate Abilities, Weirdness & Mutations

You are immune to sickness and miasma.
Your stone body is resilient. (AC +6)
You are immune to poison.
You resist negative energy. (rN+)
You are resistant to electric shocks. (rElec)
You are resistant to unholy torment.
You are immune to petrification.
You are agile. (Dex +2)
You tend to lose your temper in combat.
You expend magic power (3 MP) to strengthen your wands.


Message History

You block the sling bullet.
The goblin shoots a stone.
The stone hits you but does no damage.
The orc warrior hits you but does no damage.
The orc warrior hits you from afar with a +0 halberd!
* * * LOW HITPOINT WARNING * * *
The orc priest hits you but does no damage.
Something hits you but does no damage.
The hobgoblin unwields a +0 hunting sling.
You block the hobgoblin's attack.
The goblin shoots a stone.
You block the orc warrior's attack. x2
The orc priest looks satisfied for a moment.
Items here: )) [ †.
Unknown command.
Your shield prevents you from hitting the hobgoblin.
You hit the orc priest.
You kill the orc priest!
Okawaru accepts your kill.
You hit the orc warrior. You slash something! Okawaru accepts your kill.
Reactivating autopickup.
You feel a bit more experienced.
The goblin shoots a stone.
The stone barely misses you. The orc warrior closely misses you.
You block the hobgoblin's attack. You block the orc warrior's attack.
You barely miss the hobgoblin. You barely miss the orc warrior.
The goblin shoots a stone.
You block the stone. The orc warrior barely misses you.
The hobgoblin hits you but does no damage.
You block the orc warrior's attack.
Unknown command.
Unknown command.
You slice the hobgoblin!!
You kill the hobgoblin!
Okawaru accepts your kill.
You barely miss the orc warrior.
The goblin shoots a stone.
The stone barely misses you.
The orc warrior hits you but does no damage.
You block the orc warrior's attack.
The goblin shoots a stone.
You block the stone. You block the orc warrior's attack.
The orc warrior hits you from afar with a +0 halberd!
You die...

############# #######
......#.....## ##......#
.....))).....###.|.....#
#######.......#........#
..............#..g......
......).......'o).......
......).......#.@)...... ≈≈≈≈≈≈
#######.......#))......# #≈≈≈≈≈
......'......###o......# #≈≈≈≈≈
.....)#.....## ##......# #≈≈≈≈≈
######################## #≈≈≈≈≈
≈≈≈≈≈≈≈≈≈≈≈≈≈≈≈≈≈≈≈≈≈≈≈#####≈≈≈≈≈
≈≈≈≈≈≈≈≈≈≈≈≈≈≈≈≈≈≈≈≈≈≈≈≈≈≈≈≈≈≈≈≈≈
≈≈≈≈≈≈≈≈≈≈≈≈≈≈≈≈≈≈≈≈≈≈≈≈≈≈≈≈≈≈≈≈≈
..≈.≈≈≈.≈.≈≈.≈≈.≈≈≈≈≈≈...≈...≈≈.≈


You could see 2 orc warriors and a goblin.

Vanquished Creatures
  A water moccasin (D:5)
  An ice beast (D:5)
  3 ogres
  A gnoll sergeant (D:6)
  A scorpion (D:5)
  A water moccasin zombie (D:5)
  A water moccasin skeleton (D:5)
  8 wights (D:4)
  4 electric eels (D:6)
  2 bullfrog zombies
  A centaur zombie (D:6)
  4 hounds
  A jelly (D:5)
  2 orc priests (D:6)
  Crazy Yiuf (D:2)
  A bullfrog skeleton (D:5)
  A centaur skeleton (D:6)
  Jessica (D:2)
  An iguana (D:5)
  3 orc wizards (D:6)
  18 gnolls
  3 adders
  A shadow imp (D:5)
  A white imp (D:5)
  3 ufetubi
  2 worms (D:2)
  4 dart slugs
  8 orcs
  9 ball pythons
  5 bats
  An endoplasm (D:4)
  6 giant cockroaches
  24 goblins
  28 hobgoblins
  6 jackals
  3 kobolds
  5 quokkas
  2 frilled lizards
  2 rats (D:1)
170 creatures vanquished.

Vanquished Creatures (others)
  2 adders (D:6)
2 creatures vanquished.

Grand Total: 172 creatures vanquished

Notes
Turn   | Place    | Note
-------+----------+-------------------------------------------
     0 | D:1      | bande the Gargoyle Fighter began the quest for the Orb.
     0 | D:1      | Reached XP level 1. HP: 14/14 MP: 1/1
    82 | D:1      | Reached XP level 2. HP: 7/19 MP: 2/2
   338 | D:1      | Found a faded altar of an unknown god.
   723 | D:1      | Reached XP level 3. HP: 14/23 MP: 3/3
  1294 | D:2      | Noticed Jessica
  1302 | D:2      | Killed Jessica
  1303 | D:2      | Reached XP level 4. HP: 13/29 MP: 4/4
  1681 | D:2      | Found a stormy altar of Qazlal.
  1730 | D:2      | Found a runed translucent door.
  1731 | D:2      | Noticed Crazy Yiuf
  2053 | D:2      | Reached XP level 5. HP: 33/33 MP: 5/5
  2374 | D:2      | Killed Crazy Yiuf
  3378 | D:3      | Reached skill level 1 in Evocations
  3594 | D:4      | Identified a scroll of acquirement
  3594 | D:4      | Acquired a +0 broad axe of freezing
  3609 | D:4      | Reached XP level 6. HP: 38/38 MP: 6/6
  3696 | D:4      | Reached skill level 1 in Dodging
  3696 | D:4      | Reached XP level 7. HP: 43/43 MP: 7/7
  4361 | D:4      | Found a transporter.
  4471 | D:4      | Reached XP level 8. HP: 40/48 MP: 8/8
  4707 | D:4      | Found a transporter.
  4867 | D:5      | Entered Level 5 of the Dungeon
  4966 | D:5      | Found an opulent altar of Gozag.
  5738 | D:5      | Gained mutation: You tend to lose your temper in combat.
                  | [potion of mutation]
  5738 | D:5      | Gained mutation: You are agile. (Dex +2) [potion of
                  | mutation]
  5738 | D:5      | Gained mutation: You expend magic power (3 MP) to
                  | strengthen your wands. [potion of mutation]
  6083 | D:6      | Reached XP level 9. HP: 33/52 MP: 9/9
  6207 | D:6      | Found a staircase to the Ecumenical Temple.
  6729 | D:6      | Found a faded altar of an unknown god.
  6730 | D:6      | Found a hazy altar of Hepliaklqana.
  6927 | Temple   | Entered the Ecumenical Temple
  7113 | Temple   | Became a worshipper of Warmaster Okawaru
  7602 | D:6      | Slain by an orc warrior

Illustrated notes

Levels and vault maps discovered:
D:1:      evilmike_arrival_crescent, layout_basic,
          shapermc_ecumenical_altar_petra
D:2:      layout_basic, basic_altar, minmay_pentomino_t4, uniq_jessica,
          uniq_crazy_yiuf_cottage
D:3:      layout_loops_corners, minmay_misc_feat_pillars
D:4:      gammafunk_cloud_chamber, layout_basic, grunt_decor_mini_mirrors
D:5:      layout_basic, nicolae_gozag_seed_capital, grunt_ministairs_4
D:6:      minmay_goblin_kobold_castle, layout_rooms,
          beargit_hepliaklqana_dungeon_heroes, minmay_temple_entry_junction_2
Temple:   minmay_temple_bridge_abc

Skill      XL: |  1  2  3  4  5  6  7  8  9 |
---------------+----------------------------+-----
Axes           | 2 7 8 |  8.2
Armour         | 4 8 9 |  9.0
Shields        | 8 9 |  9.2
Evocations     | 1 2 3 |  3.0
Fighting       | 4 |  4.7
Dodging        | 1 |  1.8
Stealth        | |  0.4

Action                   |  1- 3 |  4- 6 |  7- 9 || total
-------------------------+-------+-------+-------++-------
Melee: War axe           |    77 |   159 |       ||   236
       Broad axe         |       |     3 |   379 ||   382
  Use: Potion            |     1 |     5 |     5 ||    11
       Scroll            |       |     8 |     6 ||    14
 Stab: Invisible         |       |     2 |       ||     2
Armor: Scale mail        |    51 |    94 |   209 ||   354
Dodge: Dodged            |    36 |    52 |   167 ||   255
Block: Kite shield       |    50 |   104 |   315 ||   469

Table legend: (Time is in decaauts)
 A = Elapsed time spent in this place.
 B = Non-inter-level travel time spent in this place.
 C = Inter-level travel time spent in this place.
 D = Time resting spent in this place.
 E = Time spent auto-exploring this place.
 F = Levels seen in this place.
 G = Mean time per level.
                   A        B        C        D        E       F      G
               +--------+--------+--------+--------+--------+-----+--------+
         Total |   7872 |   7790 |     82 |   1675 |   4573 |   7 | 1124.6 |
       Dungeon |   7660 |   7578 |     82 |   1675 |   4400 |   6 | 1276.7 |
        Temple |    212 |    212 |      0 |      0 |    173 |   1 |  212.0 |
               +--------+--------+--------+--------+--------+-----+--------+

Top non-repeatable levels by time:
     D:5: 1449 daAuts
     D:1: 1340 daAuts
     D:2: 1331 daAuts
     D:4: 1306 daAuts
     D:6: 1203 daAuts
     D:3: 1029 daAuts
  Temple: 212 daAuts
